 Dungeon Crawl Stone Soup version 0.28-a0-1235-g7c8fac35f0 (webtiles) character file.

Game seed: 4900011799913486633

5 SinCena the Chopper (level 1, -2/20 HPs)
             Began as a Hill Orc Berserker on Dec 25, 2021.
             Was a Follower of Trog.
             Slain by a hobgoblin (4 damage)
             ... on level 1 of the Dungeon.
             The game lasted 00:00:37 (51 turns).

SinCena the Chopper (Hill Orc Berserker)              Turns: 51, Time: 00:00:40

Health: -2/20      AC:  2    Str: 19    XL:     1   Next: 80%
Magic:  1/1        EV: 12    Int:  7    God:    Trog [*.....]
Gold:   0          SH:  0    Dex: 10    Spells: 0/0 levels left

rFire   . . .      SeeInvis .   a - +0 hand axe
rCold   . . .      Faith    .   (no shield)
rNeg    . . .      Spirit   .   b - +0 animal skin
rPois   .          Reflect  .   (no helmet)
rElec   .          Harm     .   (no cloak)
rCorr   .          Rampage  .   (no gloves)
Will    .....                   (no boots)
Stlth   +.........              (no amulet)
HPRegen 0.06/turn               (no ring)
MPRegen 0.07/turn               (no ring)

@: no status effects
A: no striking features
a: Renounce Religion, Berserk


You were on level 1 of the Dungeon.
You worshipped Trog.
Trog was aware of your devotion.
You visited 1 branch of the dungeon, and saw 1 of its levels.

Inventory:

Hand Weapons
 a - a +0 hand axe (weapon)
Armour
 b - a +0 animal skin (worn)


   Skills:
 + Level 3.8 Fighting
 + Level 4.2 Axes
 + Level 2.2 Armour
 + Level 1.6 Dodging


You couldn't memorise any spells.
You didn't know any spells.
Your spell library was empty.

Dungeon Overview and Level Annotations

Branches:
Dungeon (1/15)

Altars:


Message History

The dart slug launches a dart at you. The slug dart misses you.
The ball python hisses angrily.
The dart slug launches a dart at you. The slug dart misses you.
You hit the dart slug.
The dart slug is lightly wounded.
The dart slug closely misses you.
You slash the dart slug!
The dart slug is almost dead.
The dart slug bites you.
You slash the dart slug!
You kill the dart slug!
Trog accepts your kill.
You closely miss the kobold. You barely miss the hobgoblin.
The kobold hits you with a +0 club. The hobgoblin hits you.
The kobold barely misses you. The hobgoblin hits you.
The kobold hits you but does no damage.
The endoplasm quivers.
The hobgoblin hits you.
A ball python comes into view.
The ball python bites you.
* * * LOW HITPOINT WARNING * * *
The ball python closely misses you.
The ball python hisses angrily.
You hit the ball python.
The ball python is moderately wounded.
You hit the hobgoblin but do no damage. You barely miss the kobold.
The hobgoblin hits you but does no damage.
The ball python bites you.
* * * LOW HITPOINT WARNING * * *
The ball python grabs you. The ball python constricts you.
The kobold hits you but does no damage.
You hit the kobold.
The kobold is severely wounded.
You hit the ball python.
You kill the ball python!
Trog accepts your kill.
You hit the hobgoblin. The hobgoblin hits you.
You die...

........................ ..
..............##....... ...
........##....##....# ....
......S$##..........##.....
... #..........†..:........
...##..............).w..##
........................#
...........................
.##...J....@..>............
.##.......gK..<..........##
.........................#
...........................
..##.......................
.. #...................##.
.......................#
......##..........##...
...... #...$##....# ..


You could see an endoplasm, a hobgoblin, a ball python and a kobold.

Vanquished Creatures
  A dart slug (D:1)
  2 ball pythons (D:1)
  A goblin (D:1)
4 creatures vanquished.

Notes
Turn   | Place    | Note
-------+----------+-------------------------------------------
     0 | D:1      | SinCena the Hill Orc Berserker began the quest for the Orb.
     0 | D:1      | Reached XP level 1. HP: 19/19 MP: 1/1
    51 | D:1      | Slain by a hobgoblin

Illustrated notes

Levels and vault maps discovered:
D:1:      dpeg_arrival_stonehenge_12_columns, layout_rooms,
          shapermc_ecumenical_altar_pompeii

Action                   || total
-------------------------++-------
Melee: Hand axe          ||    11
Armor: Animal skin       ||     4
Dodge: Dodged            ||     9

Table legend: (Time is in decaauts)
 A = Elapsed time spent in this place.
 B = Non-inter-level travel time spent in this place.
 C = Inter-level travel time spent in this place.
 D = Time resting spent in this place.
 E = Time spent auto-exploring this place.
 F = Levels seen in this place.
 G = Mean time per level.
                   A        B        C        D        E       F      G
               +--------+--------+--------+--------+--------+-----+--------+
         Total |     52 |     51 |      1 |      0 |      0 |   1 |   52.0 |
       Dungeon |     52 |     51 |      1 |      0 |      0 |   1 |   52.0 |
               +--------+--------+--------+--------+--------+-----+--------+

Top non-repeatable levels by time:
     D:1: 52 daAuts
